 Dungeon Crawl Stone Soup version 0.13.0-18-g7b03ea5 (webtiles) character file.

110 Jaijje the Exhumer (level 3, -5/27 HPs)
             Began as a Demonspawn Death Knight on Oct 23, 2013.
             Was a Follower of Yredelemnul.
             Slain by Sigmund
             ... wielding a +2,+3 anti-magic scythe
              (12 damage)
             ... on Level 2 of the Dungeon.
             The game lasted 00:04:25 (1105 turns).

Jaijje the Exhumer (Demonspawn Death Knight)        Turns: 1105, Time: 00:04:25

HP  -5/27        AC  3     Str 13      XL: 3   Next:  0%
MP   0/5         EV 15     Int 18      God: Yredelemnul [*.....]
Gold 82          SH  0     Dex 17      Spells:  0 memorised,  2 levels left

Res.Fire  : . . .   See Invis. : .   a - +1 mace
Res.Cold  : . . .   Warding    : .   b - +0 leather armour
Life Prot.: . . .   Conserve   : .   (no shield)
Res.Poison: .       Res.Corr.  : +   (no helmet)
Res.Elec. : .       Clarity    : .   (no cloak)
Sust.Abil.: + .     Spirit.Shd : .   (no gloves)
Res.Mut.  : .       Stasis     : .   (no boots)
Res.Rott. : .       Flight     : .   e - amulet of resist corrosion {unknown}
Saprovore : . . .                    o - ring of protection from magic {unknown}
                                     l - ring of sustain abilities {unknown}

@: brilliant, agile, somewhat resistant to hostile enchantments, stealthy
A: talons 1, powered by pain 1
a: Animate Remains, Renounce Religion


You were on level 2 of the Dungeon.
You worshipped Yredelemnul.
Yredelemnul was aware of your devotion.
You were hungry.

You visited 1 branch of the dungeon, and saw 2 of its levels.

You collected 62 gold pieces.

Inventory:

Hand weapons
 a - a +1,+1 mace (weapon)
Armour
 b - a +0 leather armour (worn)
Comestibles
 c - a bread ration
Scrolls
 d - a scroll of noise {unknown}
 f - a scroll of curse jewellery {unknown}
 i - a scroll of fog {unknown}
 j - a scroll of blinking {unknown}
 k - 3 scrolls of remove curse {unknown}
 m - a scroll of enchant weapon II {unknown}
 q - a scroll of curse armour {unknown}
 r - 2 scrolls of teleportation {unknown}
 s - a scroll of recharging {unknown}
Jewellery
 e - an amulet of resist corrosion (around neck) {unknown}
 l - a ring of sustain abilities (left hand) {unknown}
 o - a ring of protection from magic (right hand) {unknown}
Potions
 t - 2 potions of might {unknown}


   Skills:
 - Level 2.0 Fighting
 + Level 3.1 Maces & Flails
 - Level 0.8 Armour
 - Level 0.8 Dodging
 - Level 3.6 Invocations


You had 2 spell levels left.
You didn't know any spells.

Dungeon Overview and Level Annotations

Branches:
Dungeon (2/27)

Altars:
Vehumet

Annotations:
D:2 Sigmund


Innate Abilities, Weirdness & Mutations

You have sharp toenails.
You sometimes gain a little power by taking damage.


Message History

Deactivating autopickup; reactivate with Ctrl-A.
You completely miss it. You claw it. It closely misses you.
You barely miss it. You claw it. It hits you!
You feel your power leaking away.
You hear some strange, mumbled words.
The magic dart hits you!
You feel less confused.
You hear some strange, mumbled words.
The magic dart hits you!
You miss it. It hits you!
* * * LOW HITPOINT WARNING * * *
You feel your power leaking away.
Drink which item? (? for menu, Esc to quit)
You feel better.
It was a potion of curing.
You hear some strange, mumbled words.
The puff of flame hits you!
* * * LOW HITPOINT WARNING * * *
You hit it but do no damage. Your kick misses it. It hits you!
You die...
Your body rises from the dead as a mindless zombie.

#.#.........#......#.# #.##.#
#.#...........#.##.#.# #.##.#
#.#...........#.##.#.# #.##.#
#.#...........#'##.#.# #.##.#
#.#.####....(....#.#.###.##.#
#......#.........#.#.....##.#
+................#..........##
#...............{###########.#
...)............@'...........#
........#...##...###########.#
........#.........# #.#
........#.........##########.#
......#.#.........#....[...#.#
.##...#...........#.######.#.##
.##...#########.#.#.# #.....#
.##.### #.#.#.# #..#### ....#
#.#.#.# #..#


There were no monsters in sight!

Vanquished Creatures
  2 giant geckos (D:1)
  3 bats
  A giant cockroach (D:2)
  6 goblins
  2 hobgoblins (D:2)
  4 giant newts
  2 kobolds
  6 rats
26 creatures vanquished.

Notes
Turn   | Place    | Note
--------------------------------------------------------------
     0 | D:1      | Jaijje, the Demonspawn Death Knight, began the quest for the Orb.
     0 | D:1      | Reached XP level 1. HP: 16/16 MP: 2/2
    72 | D:1      | Gained mutation: You have sharp toenails. [demonic ancestry]
    72 | D:1      | Reached XP level 2. HP: 15/22 MP: 4/4
   441 | D:2      | Found a radiant altar of Vehumet.
   964 | D:2      | Gained mutation: You sometimes gain a little power by taking damage. [demonic ancestry]
   964 | D:2      | Reached XP level 3. HP: 24/27 MP: 5/5
  1056 | D:2      | Noticed Sigmund
  1082 | D:2      | HP: 1/27 [Sigmund/magic dart (7)]
  1105 | D:2      | Slain by Sigmund

Action                   || total
-------------------------++-------
Melee: Mace              ||    92
  Use: Potion            ||     5
